 Dungeon Crawl Stone Soup version 0.30-a0-1075-gcd70e7a56d (webtiles) character file.

Game seed: 17479868256294567004

200 pokedragonboy the Chopper (level 5, -6/47 HPs)
             Began as a Hill Orc Fighter on Apr 14, 2023.
             Killed from afar by an orc wizard (15 damage)
             ... with a puff of flame
             ... on level 3 of the Dungeon.
             The game lasted 00:04:41 (1629 turns).

pokedragonboy the Chopper (Hill Orc Fighter)        Turns: 1629, Time: 00:04:44

Health: -6/47      AC:  8    Str: 21    XL:     5   Next: 79%
Magic:  7/7        EV: 14    Int:  8    God:
Gold:   98         SH:  0    Dex: 10    Spells: 4/4 levels left

rFire   . . .      SeeInvis .    a - +0 war axe
rCold   . . .      Faith    .    c - +0 buckler
rNeg    . . .      Spirit   .    b - +0 scale mail
rPois   .          Reflect  .    h - +0 helmet
rElec   .          Rampage  .    (no cloak)
rCorr   .                        (no gloves)
Will    .....                    (no boots) Stlth
                                 (no amulet)
HPRegen 0.27/turn                i - +5 ring of evasion
MPRegen 0.10/turn                (no ring)

@: confused
A: no striking features
a: no special abilities


You were on level 3 of the Dungeon.
You visited 1 branch of the dungeon, and saw 3 of its levels.

You collected 98 gold pieces.

Inventory:

Hand Weapons
 a - a +0 war axe (weapon)
Missiles
 n - a throwing net (quivered)
Armour
 b - a +0 scale mail (worn)
 c - a +0 buckler (worn)
 h - a +0 helmet (worn)
 r - a +0 kite shield
Jewellery
 i - a +5 ring of evasion (left hand)
Scrolls
 e - 2 scrolls of teleportation
 j - a scroll of enchant weapon {unknown}
 m - 3 scrolls of identify {unknown}
Potions
 d - a potion of might
 f - a potion of lignification {unknown}
 g - 2 potions of heal wounds {unknown}
 k - a potion of attraction {unknown}
 l - a potion of curing {unknown}
 o - a potion of resistance {unknown}
 p - 2 potions of magic {unknown}
 q - a potion of brilliance {unknown}


   Skills:
 + Level 4.6 Fighting
 + Level 4.7 Axes
 + Level 4.2 Armour
 - Level 3.2 Shields
 * Level 3.6 Invocations


You had 4 spell levels left.
You didn't know any spells.
Your spell library was empty.

Dungeon Overview and Level Annotations

Branches:
Dungeon (3/15)

Altars:
Dithmenos

Shops:
D:2 *=!(


Message History

Unknown command.
You slash the orc!
You kill the orc!
You hit something but do no damage.
You hit the orc wizard but do no damage.
You block something's attack.
The orc wizard hits you but does no damage.
Unknown command.
You slash the orc wizard!
The orc wizard is severely wounded.
You miss something. The orc wizard barely misses you. Something hits you.
Something hits you but does no damage.
The orc wizard points at you and mumbles some strange words.
The puff of flame misses you.
The puff of flame hits something!
Reactivating autopickup.
You feel a bit more experienced.
You hit the orc wizard.
The orc wizard is almost dead.
The orc wizard barely misses you.
You closely miss the orc wizard.
The orc wizard is almost dead.
The orc wizard casts a spell.
The orc wizard flickers and vanishes!
Deactivating autopickup; reactivate with Ctrl-A.
You miss something. Something hits you but does no damage. Something hits you.
Unknown command.
You hit something but do no damage.
You hear some strange, mumbled words.
A puff of flame appears from out of thin air!
The puff of flame hits you!
* * * LOW HITPOINT WARNING * * *
You closely miss something. Something hits you but does no damage.
Okay, then.
You miss something.
You hear some strange, mumbled words.
You are confused.
You hear some strange, mumbled words.
A puff of flame appears from out of thin air!
The puff of flame hits you!
You die...

##### ##### ### #...#
....# ..# #...#####....#
..# #.......#{...#..
..#######.......@)......
.......##......)######..
....)..'..........o....
.......#####....#######
##.................
.#.................
.......[............
....................
.....................


There were no monsters in sight!

Vanquished Creatures
  A hound (D:3)
  An orc priest (D:3)
  An orc wizard (D:3)
  4 gnolls (D:2)
  An adder (D:3)
  A worm (D:2)
  3 dart slugs
  7 orcs (D:3)
  3 ball pythons (D:2)
  2 bats (D:1)
  4 endoplasms
  3 giant cockroaches
  6 goblins
  A hobgoblin (D:2)
  2 kobolds
  A frilled lizard (D:1)
  6 rats
47 creatures vanquished.

Vanquished Creatures (others)
  An orc wizard (D:3)
1 creature vanquished.

Grand Total: 48 creatures vanquished

Notes
Turn   | Place    | Note
-------+----------+-------------------------------------------
     0 | D:1      | pokedragonboy the Hill Orc Fighter began the quest for the
                  | Orb.
     0 | D:1      | Reached XP level 1. HP: 19/19 MP: 1/1
   358 | D:1      | Reached XP level 2. HP: 19/27 MP: 2/2
   589 | D:1      | Reached skill level 1 in Invocations
   659 | D:2      | HP: 1/27 [gnoll/+0 flail (2)]
   825 | D:2      | Found Loyxtem's Distillery.
   848 | D:2      | Reached XP level 3. HP: 33/33 MP: 3/3
   889 | D:2      | Reached XP level 4. HP: 18/40 MP: 5/5
   981 | D:2      | Found Vehyvic's Jewellery Emporium.
   988 | D:2      | Found Wiorotao's General Store.
  1115 | D:2      | Identified the +0 robe of the New World {rPois rN+ Will-}
  1196 | D:2      | Found Ogitah's Weapon Boutique.
  1370 | D:3      | Reached XP level 5. HP: 45/47 MP: 5/7
  1465 | D:3      | Found a shadowy altar of Dithmenos.
  1629 | D:3      | Killed from afar by an orc wizard

Illustrated notes

Levels and vault maps discovered:
D:1:      minmay_arrival_five_plusses, layout_basic
D:2:      layout_rooms, serial_shops, shop, shop, nicolae_shop_behind_doors,
          nicolae_shop_waterfront
D:3:      layout_basic, nicolae_dithmenos_shadow_blocks, st_stairs_3,
          uniq_crazy_yiuf_cottage

Skill      XL: |  1  2  3  4 |
---------------+-------------+-----
Axes           | 3 4 |  4.7
Invocations    | 1 3 |  3.6
Fighting       | 4 |  4.6
Armour         | 4 |  4.2
Shields        | |  3.2

Action                     |  1- 3 |  4- 6 || total
---------------------------+-------+-------++-------
  Melee: War axe           |    55 |    56 ||   111
    Use: Scroll            |     1 |       ||     1
 Armour: Scale mail        |    26 |    24 ||    50
  Dodge: Dodged            |    40 |    31 ||    71
  Block: Buckler           |    16 |    12 ||    28

Table legend: (Time is in decaauts)
 A = Elapsed time spent in this place.
 B = Non-inter-level travel time spent in this place.
 C = Inter-level travel time spent in this place.
 D = Time resting spent in this place.
 E = Time spent auto-exploring this place.
 F = Levels seen in this place.
 G = Mean time per level.
                   A        B        C        D        E       F      G
               +--------+--------+--------+--------+--------+-----+--------+
         Total |   1665 |   1555 |    110 |    123 |   1120 |   3 |  555.0 |
       Dungeon |   1665 |   1555 |    110 |    123 |   1120 |   3 |  555.0 |
               +--------+--------+--------+--------+--------+-----+--------+

Top non-repeatable levels by time:
     D:1: 825 daAuts
     D:2: 526 daAuts
     D:3: 314 daAuts
